 Dungeon Crawl Stone Soup version 0.25.1-1-g288607f5aa (webtiles) character file.

Game seed: 5059288052406207657

39 BledDest the Skirmisher (level 3, -7/29 HPs)
             Began as a Demonspawn Wanderer on July 27, 2020.
             Mangled by Natasha (9 damage)
             ... on level 2 of the Dungeon.
             The game lasted 00:01:47 (1236 turns).

BledDest the Skirmisher (Demonspawn Wanderer)       Turns: 1236, Time: 00:01:48

Health: -7/29      AC:  4    Str: 14    XL:     3   Next: 28%
Magic:  6/6        EV: 11    Int: 13    God:
Gold:   34         SH:  0    Dex: 11    Spells: 5/6 levels left

rFire    . . .     SeeInvis .   a - +0 spear
rCold    . . .     Gourm    .   (no shield)
rNeg     . . .     Faith    .   d - +0 robe
rPois    .         Spirit   .   (no helmet)
rElec    .         Reflect  .   (no cloak)
rCorr    .         Harm     .   (no gloves)
MR       .....                  (no boots)
Stlth    +.........             (no amulet)
HPRegen  0.09/turn              (no ring)
MPRegen  0.10/turn              (no ring)

@: no status effects
A: icy blue scales 1, spiny 1
a: no special abilities


You were on level 2 of the Dungeon.
You were very hungry.

You visited 1 branch of the dungeon, and saw 2 of its levels.

You collected 34 gold pieces.

Inventory:

Hand Weapons
 a - a +0 spear (weapon)
 l - a +0 hunting sling
Missiles
 e - 7 atropa-tipped darts (quivered)
 k - 41 stones
Armour
 d - a +0 robe (worn)
Scrolls
 b - a scroll of blinking {unknown}
 m - 2 scrolls of amnesia {unknown}
Potions
 c - a potion of curing {unknown}
 g - a potion of flight {unknown}
 h - a potion of ambrosia {unknown}
 i - a potion of stabbing {unknown}
 j - a potion of heal wounds {unknown}
Comestibles
 f - 2 rations


   Skills:
 - Level 3.0 Fighting
 * Level 2.7 Polearms
 - Level 1.0 Dodging
 - Level 1.0 Stealth
   Level 1.7 Shields
 - Level 2.0 Spellcasting
   Level 1.0 Air Magic


You had 5 spell levels left.
You knew the following spells:

 Your Spells              Type           Power        Failure   Level  Hunger
a - Magic Dart            Conj           #...         26%         1    ##.....

Your spell library contained the following spells:

 Spells                   Type           Power        Failure   Level  Hunger
 Corpse Rot               Necr/Air       N/A          30%         2    ###....
 Swiftness                Chrm/Air       #.......     30%         2    ###....
 Blink                    Tloc           N/A          36%         2    ###....
 Call Imp                 Summ           #.......     36%         2    ###....
 Slow                     Hex            #.......     36%         2    ###....
 Mephitic Cloud           Conj/Pois/Air  #.......     56%         3    ####...
 Conjure Flame            Conj/Fire      #.......     58%         3    ####...


Dungeon Overview and Level Annotations

Branches:
Dungeon (2/15)

Altars:

Annotations:
D:2 Natasha


Innate Abilities, Weirdness & Mutations

You are partially covered in icy blue scales. (AC +2)
You are partially covered in sharp spines.


Message History

The crimson imp blinks!
The crimson imp closely misses you. Natasha casts a spell at you.
You resist with significant effort.
You hit Natasha.
Natasha is heavily wounded.
The crimson imp is struck by your spines.
The crimson imp closely misses you. Natasha misses you.
You hit Natasha.
Natasha is heavily wounded.
The crimson imp closely misses you. Natasha is struck by your spines.
Natasha closely misses you.
You closely miss Natasha.
Natasha is severely wounded.
The crimson imp is struck by your spines.
The crimson imp hits you but does no damage.
Natasha completely misses you.
You hit Natasha.
Natasha is severely wounded.
The crimson imp blinks!
Natasha is struck by your spines. Natasha claws you!
You die...

#######.#
##.#...#.##.#
##.##
#.#.#.#.##.#
#...#
#...#...##.#
###.#
#.....####.#
#.###.########.#
#...#..........#
###.############
#.# #@#
#....h§.....#
#.###...5..##
.5..##.# ....# #
.....# .....#
......#


You could see Natasha and 2 crimson imps.

Vanquished Creatures
  An adder (D:2)
  An ooze (D:1)
  A dart slug (D:2)
  A bat (D:1)
  A giant cockroach (D:2)
  7 goblins
  2 hobgoblins
  4 kobolds
  4 rats (D:2)
22 creatures vanquished.

Notes
Turn   | Place    | Note
-------+----------+-------------------------------------------
     0 | D:1      | BledDest the Demonspawn Wanderer began the quest for the
                  | Orb.
     0 | D:1      | BledDest set off with the following items: a +0 spear, a +0
                  | robe, a ration; and the following spell memorised: Magic
                  | Dart; and the following spells available to memorise:
                  | Corpse Rot, Swiftness, Blink, Call Imp, Slow, Mephitic
                  | Cloud, Conjure Flame
     0 | D:1      | Reached XP level 1. HP: 18/18 MP: 3/3
    10 | D:1      | Noticed a bullfrog
    50 | D:1      | Reached skill level 1 in Polearms
   106 | D:1      | Gained mutation: You are partially covered in sharp spines.
                  | [demonic ancestry]
   106 | D:1      | Reached XP level 2. HP: 21/24 MP: 5/5
   531 | D:1      | You fall into a shaft and drop 1 floor!
   797 | D:2      | HP: 1/24 [dart slug/slug dart (5)]
  1121 | D:2      | Gained mutation: You are partially covered in icy blue
                  | scales. (AC +2) [demonic ancestry]
  1121 | D:2      | Reached XP level 3. HP: 26/29 MP: 6/6
  1207 | D:2      | Noticed Natasha
  1231 | D:2      | HP: 1/29 [Natasha (1)]
  1236 | D:2      | Mangled by Natasha

Illustrated notes

Levels and vault maps discovered:
D:1:      evilmike_arrival_come_back, layout_loops_corners
D:2:      layout_basic, st_stairs_8, uniq_natasha

Skill      XL: |  1  2 |
---------------+-------+-----
Polearms       | 1 2 |  2.7
Fighting       | |  3.0
Dodging        | |  1.0
Stealth        | |  1.0
Shields        | |  1.7
Spellcasting   | |  2.0
Air Magic      | |  1.0

Action                   || total
-------------------------++-------
Melee: Spear             ||    85
 Stab: Sleeping          ||     2
Armor: Robe              ||     5
Dodge: Dodged            ||    35
